PA
CUT OFF CRAWDADS @ GALESBURG GUZZLERS
08/25/2042
 
TOP OF THE 1ST
Cut Off Crawdads batting - Pitching for Galesburg Guzzlers : LHP Guy Anderson
Pitching: LHP Guy Anderson
Batting: RHB Alan Shepherd 0-0: Called Strike
0-1: Called Strike
0-2: Ball
1-2: Strikes out swinging, 2-3 out at first.
Batting: RHB Anthony Roosemont 0-0: Ground out 3-1 (Groundball, 34, EV 81.9 MPH)
Batting: RHB Ramón Gabriel 0-0: Ball
1-0: Ground out 6-3 (Groundball, 6M, EV 96.9 MPH)
Top of the 1st over - 0 runs, 0 hits, 0 errors, 0 left on base; Cut Off 0 - Galesburg 0
BOTTOM OF THE 1ST
Galesburg Guzzlers batting - Pitching for Cut Off Crawdads : RHP Blaise Tonetti
Pitching: RHP Blaise Tonetti
Batting: RHB Cheh Che 0-0: Called Strike
0-1: Ball
1-1: Ball
2-1: Fly out, F8 (Flyball, 8LD, EV 98.8 MPH)
Batting: RHB Nathan Nelson 0-0: Foul Ball, location: 2F
0-1: Swinging Strike
0-2: Ball
1-2: Strikes out swinging
Batting: LHB Luis Flores 0-0: Ball
1-0: SINGLE (Flyball, 7LM, EV 93.8 MPH)
Batting: RHB Ethan Allcorn 0-0: Called Strike
0-1: Hit by Pitch
Luis Flores to second
Batting: RHB Woody Marshall 0-0: Fly out, F7 (Flyball, 7LS, EV 91.9 MPH)
Bottom of the 1st over - 0 runs, 1 hit, 0 errors, 2 left on base; Cut Off 0 - Galesburg 0
TOP OF THE 2ND
Cut Off Crawdads batting - Pitching for Galesburg Guzzlers : LHP Guy Anderson
Batting: RHB Kennet Udinga 0-0: Foul Ball, location: 2F
0-1: Called Strike
0-2: Foul Ball, location: 2F
0-2: Fly out, F8 (Flyball, 78D, EV 98.1 MPH)
Batting: SHB Rich Dalzell 0-0: Foul Ball, location: 2F
0-1: Ball
1-1: Foul Ball, location: 2F
1-2: Ball
2-2: Foul Ball, location: 2F
2-2: SINGLE (Flyball, 9LS, EV 83.1 MPH)
Batting: RHB Leonard Tucker 0-0: Ball
1-0: Ball
2-0: Foul Ball, location: 2F
2-1: Ball
3-1: Swinging Strike
3-2: Strikes out looking
Batting: RHB Michael Warner 0-0: Hit by Pitch
Rich Dalzell to second
Pinch Runner at 1st Gabriel Ortíz:
Batting: LHB Sam Wells 0-0: Ball
1-0: Called Strike
1-1: Foul Ball, location: 2F
1-2: Ball
2-2: Strikes out swinging
Top of the 2nd over - 0 runs, 1 hit, 0 errors, 2 left on base; Cut Off 0 - Galesburg 0
BOTTOM OF THE 2ND
Galesburg Guzzlers batting - Pitching for Cut Off Crawdads : RHP Blaise Tonetti
Now in LF: Tim Hankins
Batting: LHB Paul Green 0-0: DOUBLE (Line Drive, 7LS, EV 98.1 MPH)
Batting: RHB Paul Kelly 0-0: Ball
1-0: Ball
2-0: Foul Ball, location: 2F
2-1: Swinging Strike
2-2: Ball
3-2: Ground out 4-3 (Groundball, 4, EV 78.8 MPH)
Paul Green to third
Batting: RHB George O'Rorke 0-0: Fly out, F3 (Line Drive, 3, EV 69.4 MPH)
Batting: SHB Manuel Colón 0-0: Ball
1-0: Ball
2-0: Ball
3-0: Called Strike
3-1: Base on Balls
Batting: RHB Cheh Che 0-0: Fly out, F4 (Line Drive, 4, EV 62.5 MPH)
Bottom of the 2nd over - 0 runs, 1 hit, 0 errors, 2 left on base; Cut Off 0 - Galesburg 0
TOP OF THE 3RD
Cut Off Crawdads batting - Pitching for Galesburg Guzzlers : LHP Guy Anderson
Batting: LHB Adam Bisset 0-0: Called Strike
0-1: Swinging Strike
0-2: Ball
1-2: Foul Ball, location: 2F
1-2: Strikes out swinging
Batting: RHB Alan Shepherd 0-0: Ball
1-0: Foul Ball, location: 2F
1-1: Ball
2-1: Ball
3-1: Called Strike
3-2: Foul Ball, location: 2F
3-2: Ground out 6-3 (Groundball, 6, EV 85.6 MPH)
Batting: RHB Anthony Roosemont 0-0: Foul Ball, location: 2F
0-1: Ball
1-1: Ball
2-1: Foul Ball, location: 2F
2-2: Strikes out looking
Top of the 3rd over - 0 runs, 0 hits, 0 errors, 0 left on base; Cut Off 0 - Galesburg 0
BOTTOM OF THE 3RD
Galesburg Guzzlers batting - Pitching for Cut Off Crawdads : RHP Blaise Tonetti
Batting: RHB Nathan Nelson 0-0: Ball
1-0: Ball
2-0: Called Strike
2-1: Swinging Strike
2-2: Fly out, F6 (Popup, 5DF, EV 44.4 MPH)
Batting: LHB Luis Flores 0-0: Called Strike
0-1: Foul Ball, location: 2F
0-2: Ball
1-2: Ball
2-2: Ground out 2-3 (Groundball, 13S, EV 61.9 MPH)
Batting: RHB Ethan Allcorn 0-0: Foul Ball, location: 2F
0-1: Swinging Strike
0-2: Ball
1-2: Strikes out swinging
Bottom of the 3rd over - 0 runs, 0 hits, 0 errors, 0 left on base; Cut Off 0 - Galesburg 0
TOP OF THE 4TH
Cut Off Crawdads batting - Pitching for Galesburg Guzzlers : LHP Guy Anderson
Batting: RHB Ramón Gabriel 0-0: Called Strike
0-1: Ball
1-1: Swinging Strike
1-2: Ball
2-2: SINGLE (Line Drive, 4MD, EV 108.8 MPH)
Batting: RHB Kennet Udinga 0-0: Ball
1-0: Called Strike
1-1: Called Strike
1-2: Foul Ball, location: 2F
1-2: Foul Ball, location: 2F
1-2: Foul Ball, location: 2F
1-2: Ball
2-2: Ball
3-2: Strikes out swinging
Batting: SHB Rich Dalzell 0-0: Ball
1-0: Swinging Strike
1-1: Ball
2-1: Called Strike
2-2: Ball
3-2: Base on Balls
Ramón Gabriel to second
Batting: RHB Leonard Tucker 0-0: Ball
1-0: Fly out, F9 (Flyball, 9LSF, EV 94.4 MPH)
Batting: RHB Tim Hankins 0-0: Ball
1-0: Fielders Choice at 2nd, 5-4 (Groundball, 5L, EV 83.1 MPH)
Top of the 4th over - 0 runs, 1 hit, 0 errors, 2 left on base; Cut Off 0 - Galesburg 0
BOTTOM OF THE 4TH
Galesburg Guzzlers batting - Pitching for Cut Off Crawdads : RHP Blaise Tonetti
Batting: RHB Woody Marshall 0-0: Ball
1-0: Foul Ball, location: 2F
1-1: Ball
2-1: Swinging Strike
2-2: Strikes out swinging
Batting: LHB Paul Green 0-0: Called Strike
0-1: Ball
1-1: Ball
2-1: Called Strike
2-2: Foul Ball, location: 2F
2-2: Strikes out looking
Batting: RHB Paul Kelly 0-0: Ball
1-0: Foul Ball, location: 2F
1-1: Called Strike
1-2: Ball
2-2: Foul Ball, location: 2F
2-2: Foul Ball, location: 2F
2-2: Ball
3-2: Fly out, F7 (Flyball, 7LS, EV 89.4 MPH)
Bottom of the 4th over - 0 runs, 0 hits, 0 errors, 0 left on base; Cut Off 0 - Galesburg 0
TOP OF THE 5TH
Cut Off Crawdads batting - Pitching for Galesburg Guzzlers : LHP Guy Anderson
Batting: LHB Sam Wells 0-0: Ball
1-0: Ball
2-0: Called Strike
2-1: Called Strike
2-2: Strikes out swinging, 2-3 out at first.
Batting: LHB Adam Bisset 0-0: SINGLE (Line Drive, 8RS, EV 102.5 MPH)
Batting: RHB Alan Shepherd 0-0: Grounds into double play, 6-4-3 (Groundball, 6, EV 96.2 MPH)
Top of the 5th over - 0 runs, 1 hit, 0 errors, 0 left on base; Cut Off 0 - Galesburg 0
BOTTOM OF THE 5TH
Galesburg Guzzlers batting - Pitching for Cut Off Crawdads : RHP Blaise Tonetti
Batting: RHB George O'Rorke 0-0: Ball
1-0: Called Strike
1-1: Ball
2-1: SINGLE (Line Drive, 8RS, EV 108.1 MPH)
Batting: SHB Manuel Colón 0-0: Sac Bunt to 25 - play at first, batter OUT! 5-3
George O'Rorke to second
Batting: RHB Cheh Che 0-0: Ball
1-0: Ground out 5-3 (Groundball, 56, EV 83.1 MPH)
Batting: RHB Nathan Nelson 0-0: Ball
1-0: Foul Ball, location: 2F
1-1: Ball
2-1: Swinging Strike
2-2: Strikes out swinging
Bottom of the 5th over - 0 runs, 1 hit, 0 errors, 1 left on base; Cut Off 0 - Galesburg 0
TOP OF THE 6TH
Cut Off Crawdads batting - Pitching for Galesburg Guzzlers : LHP Guy Anderson
Batting: RHB Anthony Roosemont 0-0: SINGLE (Line Drive, 89M, EV 100.0 MPH)
Batting: RHB Ramón Gabriel 0-0: Foul Ball, location: 2F
0-1: Fielders Choice at 2nd, 2-4 (Groundball, 2L, EV 71.2 MPH)
Pitching: RHP Otto Mathews
Batting: RHB Kennet Udinga 0-0: Called Strike
Ramón Gabriel is caught stealing 2nd base 2-4
0-1: Ball
1-1: Foul Ball, location: 2F
1-2: Strikes out swinging
Top of the 6th over - 0 runs, 1 hit, 0 errors, 0 left on base; Cut Off 0 - Galesburg 0
BOTTOM OF THE 6TH
Galesburg Guzzlers batting - Pitching for Cut Off Crawdads : RHP Blaise Tonetti
Batting: LHB Luis Flores 0-0: DOUBLE (Flyball, 78XD, EV 98.1 MPH)
Batting: RHB Ethan Allcorn 0-0: Swinging Strike
0-1: Ground out U3 (Groundball, 3L, EV 78.1 MPH)
Luis Flores to third
Batting: RHB Woody Marshall 0-0: Swinging Strike
0-1: Ball
1-1: Foul Ball, location: 2F
1-2: Strikes out swinging
Batting: LHB Paul Green 0-0: Ground out 1-3 (Groundball, 23, EV 71.9 MPH)
Bottom of the 6th over - 0 runs, 1 hit, 0 errors, 1 left on base; Cut Off 0 - Galesburg 0
TOP OF THE 7TH
Cut Off Crawdads batting - Pitching for Galesburg Guzzlers : RHP Otto Mathews
Batting: SHB Rich Dalzell 0-0: Ball
1-0: Ball
2-0: Ground out 1-3 (Groundball, 15S, EV 73.8 MPH)
Batting: RHB Leonard Tucker 0-0: Swinging Strike
0-1: Swinging Strike
0-2: Ball
1-2: Foul Ball, location: 2F
1-2: Strikes out swinging
Batting: RHB Tim Hankins 0-0: Foul Ball, location: 2F
0-1: Ball
1-1: Ball
2-1: Swinging Strike
2-2: Strikes out swinging
Top of the 7th over - 0 runs, 0 hits, 0 errors, 0 left on base; Cut Off 0 - Galesburg 0
BOTTOM OF THE 7TH
Galesburg Guzzlers batting - Pitching for Cut Off Crawdads : RHP Blaise Tonetti
Batting: RHB Paul Kelly 0-0: Ball
1-0: Called Strike
1-1: Foul Ball, location: 2F
1-2: Strikes out swinging
Batting: RHB George O'Rorke 0-0: Foul Ball, location: 2F
0-1: Ball
1-1: Swinging Strike
1-2: Strikes out swinging
Batting: SHB Manuel Colón 0-0: Called Strike
0-1: Foul Ball, location: 2F
0-2: Foul Ball, location: 2F
0-2: Ball
1-2: Ball
2-2: Strikes out swinging
Bottom of the 7th over - 0 runs, 0 hits, 0 errors, 0 left on base; Cut Off 0 - Galesburg 0
TOP OF THE 8TH
Cut Off Crawdads batting - Pitching for Galesburg Guzzlers : RHP Otto Mathews
Batting: LHB Sam Wells 0-0: Called Strike
0-1: Ball
1-1: Called Strike
1-2: Ball
2-2: SINGLE (Line Drive, 9S, EV 91.2 MPH)
Batting: LHB Adam Bisset 0-0: Swinging Strike
0-1: Fly out, F7 (Line Drive, 7, EV 96.9 MPH)
Batting: RHB Alan Shepherd 0-0: Ball
1-0: SINGLE (Groundball, 6MD, EV 102.5 MPH)
Sam Wells to second
Batting: RHB Anthony Roosemont 0-0: Fly out, F8 (Flyball, 8RXD, EV 84.4 MPH)
Runner from 2nd tags up, SAFE at 3rd, no throw by CF
Batting: RHB Ramón Gabriel 0-0: Ball
1-0: Swinging Strike
1-1: Ball
2-1: DOUBLE (Line Drive, 78M, EV 110.6 MPH)
Sam Wells scores
Alan Shepherd to third
Runner from 3rd tries for Home, SAFE, throw by CF to trailing runner, OUT at third! 8-6-5
Top of the 8th over - 2 runs, 3 hits, 0 errors, 0 left on base; Cut Off 2 - Galesburg 0
BOTTOM OF THE 8TH
Galesburg Guzzlers batting - Pitching for Cut Off Crawdads : RHP Blaise Tonetti
Batting: RHB Cheh Che 0-0: Ball
1-0: Ball
2-0: Called Strike
2-1: Swinging Strike
2-2: SINGLE (Groundball, 4, EV 88.8 MPH) (infield hit)
Batting: RHB Nathan Nelson 0-0: Fly out, F7 (Flyball, 7S, EV 86.2 MPH)
Pitching: RHP Lewis Goodman
Batting: LHB Luis Flores 0-0: Foul Ball, location: 2F
0-1: Fly out, F8 (Flyball, 8RM, EV 86.9 MPH)
Batting: RHB Ethan Allcorn 0-0: Ground out 5-3 (Groundball, 5S, EV 69.4 MPH)
Bottom of the 8th over - 0 runs, 1 hit, 0 errors, 1 left on base; Cut Off 2 - Galesburg 0
TOP OF THE 9TH
Cut Off Crawdads batting - Pitching for Galesburg Guzzlers : RHP Otto Mathews
Batting: RHB Kennet Udinga 0-0: Swinging Strike
0-1: Ball
1-1: Called Strike
1-2: Fly out, F8 (Line Drive, 8RD, EV 103.8 MPH)
Batting: SHB Rich Dalzell 0-0: Called Strike
0-1: Foul Ball, location: 2F
0-2: Ball
1-2: Ball
2-2: Ball
3-2: SINGLE (Groundball, 3D, EV 101.9 MPH)
Batting: RHB Leonard Tucker 0-0: Ball
Rich Dalzell is caught stealing 2nd base 2-4
1-0: Fly out, F8 (Flyball, 89M, EV 85.0 MPH)
Top of the 9th over - 0 runs, 1 hit, 0 errors, 0 left on base; Cut Off 2 - Galesburg 0
BOTTOM OF THE 9TH
Galesburg Guzzlers batting - Pitching for Cut Off Crawdads : RHP Lewis Goodman
Batting: RHB Woody Marshall 0-0: Foul Ball, location: 2F
0-1: Called Strike
0-2: Ball
1-2: Strikes out swinging
Batting: LHB Paul Green 0-0: Foul Ball, location: 2F
0-1: Called Strike
0-2: Ball
1-2: Foul Ball, location: 2F
1-2: Ball
2-2: Ball
3-2: Base on Balls
Pinch Hitting: RHB Shadow Espinoza 0-0: Called Strike
0-1: Swinging Strike
Paul Green is caught stealing 2nd base 2-4
0-2: SINGLE (Groundball, 6MD, EV 99.4 MPH)
Pinch Hitting: RHB Kalani Puakea 0-0: Called Strike
0-1: Foul Ball, location: 2F
0-2: Ball
1-2: Foul Ball, location: 2F
1-2: Foul Ball, location: 2F
1-2: Strikes out swinging
Bottom of the 9th over - 0 runs, 1 hit, 0 errors, 1 left on base; Cut Off 2 - Galesburg 0
Friday, March 26th, 2021 - OOTP Baseball 20.8 Build 74